[Event "21st Open Gran Hotel Bali-A 2024"]
[Site "Benidorm"]
[Date "2024.11.30"]
[Round "2.1"]
[White "Albornoz Cabrera, Carlos Daniel"]
[Black "Rog, Bartlomiej"]
[Result "1-0"]
[ECO "C60"]
[WhiteElo "2572"]
[BlackElo "2244"]
[Annotator "TA"]
[PlyCount "53"]
[EventDate "2024.11.26"]
[EventType "swiss"]
[EventCountry "ESP"]
[SourceTitle "playchess.com"]
[Source "ChessBase"]
[SourceQuality "1"]
[TimeControl "5400+30"]

1. e4 e5 2. Nf3 Nc6 3. Bb5 Nge7 4. O-O g6 5. c3 a6 6. Ba4 Bg7 7. d4 exd4 8. cxd4 b5 9. Bc2 O-O 10. h3 d5 {[%emt 0:02:05] The position is equal.} 11. e5 (11. Bg5 {is interesting.} dxe4 12. Bxe4 f6 13. Bf4) 11... f6 12. exf6 Bxf6 13. Nc3 Bf5 14. Bb3 Qd7 {[%emt 0:02:57] [#]} ({Black should play} 14... Bg7 $14) 15. Ne5 $1 $16 Nxe5 (15... Bxe5 16. dxe5) 16. dxe5 Bxe5 17. Nxd5 (17. Bxd5+ Nxd5 18. Qxd5+ Qxd5 19. Nxd5 c5) 17... Kh8 18. Re1 $1 $36 {[%emt 0:13:32][%mdl 2048] White has strong initiative.} Nc6 {[%emt 0:02:52][%cal Of5h3] [#]} 19. Rxe5 $1 Nxe5 20. Bd2 Rae8 {[%emt 0:11:53] [#]} 21. Bc3 $1 c6 {[%emt 0:02:03] [#]} (21... c5 $142) 22. Ne3 $1 $18 Qxd1+ 23. Rxd1 {[%emt 0:49:34] f4 would now be deadly.} Bc8 $2 (23... a5 {is a better defense.} 24. Rd8 Kg7) 24. f4 Rxf4 {[%emt 0:08:44] [#]} (24... Kg7 $142 25. Bxe5+ (25. fxe5 b4 $18) 25... Rxe5 26. fxe5 a5) 25. Rd8 $3 Rxd8 (25... Rff8 26. Rxc8) 26. Bxe5+ {[%emt 0:00:00] This pair of bishops is nice.} Rf6 27. Bxf6# {[%emt 0:00:00] Weighted Error Value: White=0.03 (flawless) /Black=0.60.  Mistake:       	---       	Black=4      Inaccurate:     	White=2     	Black=5      OK:         	White=5     	Black=4      Best:        	White=2     	Black=1      Strong:       	White=3     	---        Brilliant:      	White=1     	---} 1-0

[Event "21st Open Gran Hotel Bali-A 2024"]
[Site "Benidorm"]
[Date "2024.11.30"]
[Round "2.2"]
[White "Bravo De La Vega, Alvaro"]
[Black "Amar, Elham"]
[Result "0-1"]
[ECO "E01"]
[WhiteElo "2226"]
[BlackElo "2529"]
[Annotator "RC"]
[PlyCount "120"]
[EventDate "2024.11.26"]
[EventType "swiss"]
[EventCountry "ESP"]
[SourceTitle "playchess.com"]
[Source "ChessBase"]
[SourceQuality "1"]
[TimeControl "5400+30"]

1. d4 Nf6 2. c4 e6 3. Nf3 d5 4. g3 Bb4+ 5. Bd2 Bd6 6. Bg2 O-O 7. O-O c6 8. Qc2 Nbd7 9. Bg5 h6 10. Bxf6 Nxf6 11. Nbd2 a5 12. e4 Nxe4 13. Nxe4 dxe4 14. Qxe4 c5 15. b3 Qc7 16. Rad1 a4 17. dxc5 Bxc5 18. Nd4 axb3 19. axb3 Qb6 20. Nb5 Ra2 21. Qf3 Rb2 22. Rd3 e5 23. Nc3 Rxb3 24. Na4 Rxd3 25. Qxd3 Qa7 26. Nxc5 Qxc5 27. Bd5 Re8 28. Rb1 Qc7 29. Qf3 Rd8 30. Re1 Re8 31. Rb1 Re7 32. h4 Kh8 33. h5 f5 34. Ra1 e4 35. Qe3 Be6 36. Ra8+ Kh7 37. Bxe4 Bd7 38. Qa3 Rxe4 39. Qf8 Re8 40. Rxe8 Bxe8 41. Qxe8 Qxc4 42. Qg6+ Kh8 43. Qxf5 b5 44. Qf8+ Kh7 45. Qe8 Qd3 46. Qe1 Qf5 47. Qd1 b4 48. Qb3 Qe4 49. Kh2 Qd4 50. Kg1 Qc3 51. Qb1+ Kg8 52. Qe4 Kf7 53. Qb7+ Ke6 54. Qb6+ Kd5 55. Qb5+ Kd4 56. Qd7+ Kc4 57. Qe6+ Kd3 58. Qe3+ Kc2 59. Qe2+ Kc1 60. Qf1+ Kd2 0-1

[Event "21st Open Gran Hotel Bali-A 2024"]
[Site "Benidorm"]
[Date "2024.11.30"]
[Round "2.3"]
[White "Solodovnichenko, Yuri"]
[Black "Sgircea, Silvia-Raluca"]
[Result "1-0"]
[ECO "B31"]
[WhiteElo "2503"]
[BlackElo "2221"]
[Annotator "TA"]
[PlyCount "95"]
[EventDate "2024.11.26"]
[EventType "swiss"]
[EventCountry "ESP"]
[SourceTitle "playchess.com"]
[Source "ChessBase"]
[SourceQuality "1"]
[TimeControl "5400+30"]

1. e4 c5 2. Nf3 Nc6 3. Bb5 g6 4. O-O Bg7 5. Re1 Nf6 6. Bxc6 dxc6 7. d3 O-O 8. h3 Ne8 9. a4 b6 {[%emt 0:02:05] [#]} 10. a5 $1 Ba6 {[%emt 0:03:00] White has an edge.} (10... Nc7 11. Qe2) 11. Nc3 Nc7 12. Be3 Ne6 13. e5 Qc7 14. Qd2 Rfd8 15. Bh6 Nd4 16. Nxd4 cxd4 17. Bxg7 Kxg7 18. Nd1 Rd5 19. Qf4 bxa5 20. f3 Qc8 (20... Rb8 $11 {is superior.}) 21. Nf2 $14 Qf5 22. Qd2 Rad8 ({Of course not} 22... Rxe5 23. Rxe5 Qxe5 24. Rxa5 $16) 23. Rxa5 Bc8 24. Rxa7 Rxe5 25. Rxe7 Rxe1+ 26. Rxe1 Qb5 {[%emt 0:01:30] [#]} (26... Qf6 $16 27. Ne4 Qe5) 27. Qf4 $1 $18 Qa5 28. Re7 Be6 29. Ng4 Qf5 30. Qh6+ Kh8 31. Qh4 (31. Rc7 $142) 31... g5 {[%emt 0:00:54] [#]} 32. Qg3 $40 {[%emt 0:01:11][%mdl 128] Black is in trouble.} Ra8 33. Ne5 Bd5 (33... Rc8 $16 34. b4 Kg7) 34. Rc7 Qf6 35. Kh2 (35. Ng4 $18 Qe6 36. h4) 35... Re8 $16 36. Ng4 {[%emt 0:01:11] White is more active.} Qf5 {[%emt 0:00:11] This move loses the game for Black.} (36... Qd8 $16 {is a better defense.}) 37. Qd6 $18 Kg7 {[%emt 0:00:58] aiming for ...Re6.} 38. Qh6+ Kh8 39. Qf6+ Qxf6 40. Nxf6 Rb8 41. Nxd5 cxd5 42. Rxf7 Rxb2 {[%emt 0:00:13][%mdl 4096] Endgame. KR-KR} 43. Rc7 Rb6 44. Kg3 h5 $2 (44... Re6 45. Kg4 Kg8) 45. Rc5 {[%emt 0:01:04] White is clearly winning.} Rd6 (45... Kg7 $142 46. Rxd5 Kf6 47. Rxd4 Rc6) 46. h4 Kg7 47. hxg5 Kg6 48. Kf4 {[%emt 0:00:20] Weighted Error Value: White=0.15 (very precise) /Black=0.28 (precise) .  Loses game:     	---       	Black=1      Mistake:       	White=2     	Black=5      Inaccurate:     	White=2     	Black=4      OK:         	White=20    	Black=11     Best:        	White=3     	Black=4} 1-0

[Event "21st Open Gran Hotel Bali-A 2024"]
[Site "Benidorm"]
[Date "2024.11.30"]
[Round "2.4"]
[White "Gales, Randi-Ioan"]
[Black "Kvaloy, Aksel Bu"]
[Result "0-1"]
[ECO "E52"]
[WhiteElo "2206"]
[BlackElo "2502"]
[Annotator "TA"]
[PlyCount "55"]
[EventDate "2024.11.26"]
[EventType "swiss"]
[EventCountry "ESP"]
[SourceTitle "playchess.com"]
[Source "ChessBase"]
[SourceQuality "1"]
[TimeControl "5400+30"]

1. d4 Nf6 2. c4 e6 3. Nc3 Bb4 4. e3 O-O 5. Bd2 d5 6. Nf3 b6 7. cxd5 exd5 8. Bd3 Bb7 9. O-O a6 10. Ne5 Bd6 11. f4 c5 12. Rf3 {[%emt 0:05:16] White is slightly better.} Ne4 13. Rh3 g6 {[%emt 0:01:16] Against Qh5} (13... Nd7 $11) 14. Be1 (14. Nxf7 $16 Rxf7 15. Nxe4 dxe4 16. Bc4) 14... Nd7 15. Qf3 f5 16. g4 $2 (16. Rh6 $11 cxd4 17. exd4) 16... cxd4 $19 17. exd4 Nxe5 18. dxe5 (18. fxe5 {was the only defense.} fxg4 (18... Ng5 19. Qg2 $17) 19. Qxg4) 18... Bc5+ 19. Kg2 Qd7 20. gxf5 Qxf5 21. Rh4 (21. Bh4 $17) 21... Rae8 {[%emt 0:04:17][%cal Oe8e5] ...Rxe5! would now be deadly.} 22. Nxe4 (22. Rd1 {is a better defense.}) 22... dxe4 23. Bc4+ Kg7 24. Qh3 {[%emt 0:00:38][%csl Gh3][%cal Rh4h7] [#]} e3+ 25. Kg3 g5 26. Rg4 (26. Qxf5 $17 gxh4+ (26... Rxf5 27. Rg4 $19) 27. Kg4 Rxf5 28. Kxf5 Rf8+ 29. Kg4 h5+ 30. Kxh5 Rxf4 31. Be2) 26... Kh8 27. fxg5 Rxe5 {[%emt 0:01:00] [#] ( -> ...e2)} 28. Bc3 {[%emt 0:00:30] Weighted Error Value: White=0.66/Black=0.19 (very precise) .  Loses game:     	White=2     	---        Mistake:       	White=4     	Black=1      Inaccurate:     	White=1     	Black=1      OK:         	White=4     	Black=8      Best:        	White=3     	---} 0-1

[Event "21st Open Gran Hotel Bali-A 2024"]
[Site "Benidorm"]
[Date "2024.11.30"]
[Round "2.5"]
[White "Castellanos Rodriguez, Renier"]
[Black "Aamodt, Peder Marcus"]
[Result "1/2-1/2"]
[ECO "D32"]
[WhiteElo "2472"]
[BlackElo "2178"]
[Annotator "TA"]
[PlyCount "140"]
[EventDate "2024.11.26"]
[EventType "swiss"]
[EventCountry "ESP"]
[SourceTitle "playchess.com"]
[Source "ChessBase"]
[SourceQuality "1"]
[TimeControl "5400+30"]

1. c4 Nf6 2. Nc3 c5 3. Nf3 e6 4. e3 d5 5. cxd5 exd5 6. d4 a6 7. Be2 Nc6 8. O-O c4 {[%emt 0:02:18] D32: Tarrasch Defence: Sidelines and lines without g3.} 9. Ne5 Be6 $146 ({Predecessor:} 9... Bb4 10. Nxc6 bxc6 11. Bd2 O-O 12. b3 cxb3 13. Qxb3 Bd6 14. Qc2 Re8 15. Rab1 Ng4 16. h3 {0-1 Niemann,H (2637)-Dubov,D (2711) Chess.com Rapid Wk12 Swiss 2022 (4)}) 10. f4 Be7 11. Bd2 O-O 12. Bf3 Ne8 13. b3 Nxe5 14. fxe5 b5 15. bxc4 bxc4 16. Ne2 a5 (16... Qd7 $11) 17. Rb1 Bb4 18. Rxb4 axb4 19. Bxb4 Nc7 20. Bxf8 Qxf8 21. Qd2 Ra3 (21... Rb8 $16 22. Nc3 f6) 22. Nc3 (22. Rb1 $18) 22... g6 23. Qb2 Qa8 24. Qb4 (24. h3 $18 {has better winning chances.}) 24... Kg7 ({Black should play} 24... Qf8 25. Qb2 Kg7) 25. Rf2 (25. Rc1 $16) 25... h5 (25... Qf8 $14 26. Qxf8+ Kxf8) 26. h3 Qa7 (26... Qf8 $16 {was worth a try.} 27. Qxf8+ Kxf8) 27. Kh2 $18 Qa8 28. e4 (28. Rc2 $142) 28... Qa5 (28... Rxc3 $16 29. Qxc3 dxe4) 29. Qxa5 $18 Rxa5 30. Rb2 dxe4 31. Bxe4 (31. Nxe4 Nb5 32. Ng5 Bf5 $17 (32... Nxd4 33. Nxe6+ fxe6 34. Rb7+ Kh6 35. Rc7 $17)) 31... Ra3 32. Rc2 Ra5 (32... Na6 $16 {is a better defense.}) 33. a4 $18 f6 34. Rb2 fxe5 35. dxe5 Nd5 $2 (35... Rc5 {might work better.} 36. Kg3 (36. Rb7 Bc8 $14) 36... Kf8) 36. Bxd5 $18 Bxd5 37. h4 $2 ({Only move:} 37. Rb5 $18 Rxb5 38. axb5) 37... Bc6 $14 38. Rb6 Bxa4 39. Rb7+ Kf8 40. Kg3 Bc6 41. Rc7 Ra3 42. Rxc6 Rxc3+ 43. Kf4 Kf7 44. g3 Rc1 45. Ke3 Rg1 46. Rf6+ Kg7 47. Rf3 Rd1 48. Ke4 Re1+ 49. Kd4 Rc1 50. Rc3 Rd1+ 51. Kxc4 Kf7 52. Rd3 Ra1 53. Kd5 Ra5+ 54. Ke4 Ra6 {[%emt 0:00:35] [#]} (54... Ra4+ $11 {remains equal.} 55. Rd4 Ra7) 55. Rd4 (55. Kf4 $1 $16) 55... Ra3 $11 56. Kf4 Ke6 57. Rd6+ Kf7 58. Rd7+ Ke6 59. Rd4 (59. Rg7 $5 Ra4+ $8 60. Kg5 Rg4+ 61. Kh6 Rxg3 62. Rxg6+ Rxg6+ 63. Kxg6 Kxe5 64. Kg5 $11 (64. Kxh5 Kf6 $11)) 59... Rb3 60. Rd6+ Kf7 61. Ra6 Rc3 62. Ra7+ Ke6 63. Ra6+ Kf7 64. Ra7+ Ke6 65. Rg7 Rc4+ 66. Kg5 Rg4+ 67. Kh6 Rxg3 68. Rxg6+ Rxg6+ 69. Kxg6 Kxe5 70. Kxh5 Kf6 1/2-1/2

[Event "21st Open Gran Hotel Bali-A 2024"]
[Site "Benidorm"]
[Date "2024.11.30"]
[Round "2.6"]
[White "Pardo Ruiz, Carlos"]
[Black "Ilinca, Felix-Antonio"]
[Result "0-1"]
[ECO "B69"]
[WhiteElo "2184"]
[BlackElo "2470"]
[Annotator "TA"]
[PlyCount "84"]
[EventDate "2024.11.26"]
[EventType "swiss"]
[EventCountry "ESP"]
[SourceTitle "playchess.com"]
[Source "ChessBase"]
[SourceQuality "1"]
[TimeControl "5400+30"]

1. e4 c5 2. Nf3 d6 3. d4 cxd4 4. Nxd4 Nf6 5. Nc3 Nc6 6. Bg5 e6 7. Qd2 a6 8. O-O-O Bd7 9. f4 Be7 10. Nf3 b5 11. Bxf6 gxf6 12. f5 Qb6 13. Kb1 O-O-O 14. fxe6 fxe6 15. a4 b4 16. Ne2 {[%emt 0:01:13] White is slightly better.} e5 {[%emt 0:07:06] Wards off Nf4} 17. Qd5 {[%emt 0:12:23] Prevents Be6} Na5 ({Black should play} 17... f5 $11) 18. b3 $14 Bc6 19. Qe6+ Rd7 20. Ng3 Nb7 21. Nf5 ({White should try} 21. Qg4 $14) 21... Bd8 $1 $11 {[%emt 0:02:48] Black wants to play ...Nc5.} 22. Qc4 Kb8 (22... Nc5 $1 $11 23. Rxd6 (23. Nxd6+ $2 Kc7 $19) 23... Rxd6 24. Nxd6+ Kb8) 23. Be2 ({Reject} 23. Qxa6 Bxe4 24. N3h4 Rf8 $11) (23. Ne3 $14) 23... Nc5 24. Nxd6 {[%emt 0:11:40] Loses the game.} (24. Nd2 $11) 24... Bc7 $19 25. Nf7 {[%emt 0:04:09] [#]} Rf8 26. Nh6 Nxe4 27. Rxd7 ({Avoid the trap} 27. a5 $2 Qxa5 (27... Qb7 28. Kb2 $19) 28. Nd4 Rxd4 $19) 27... Nc3+ 28. Kb2 Bxd7 29. g4 $2 (29. Bd3) 29... Be6 30. Qxa6 e4 {[%emt 0:00:16][%cal Oc3e2] ...Nxe2! would now be deadly. White is weak on the dark squares} 31. Re1 (31. Qxb6+ $142 Bxb6 32. Nd2) 31... Nxe2 32. Qxe2 exf3 33. Qxf3 Qd4+ 34. Ka2 Be5 35. Rb1 {[%emt 0:00:21] Against Qb2+} Rc8 36. Qe2 Qd7 37. Rb2 Qxa4+ 38. Kb1 Qc6 39. Qe1 {[%emt 0:00:35] Prevents Qh1.} Qc3 (39... Bxb2 $142 40. Qxb4+ Ka8) 40. Qc1 Rd8 {[%emt 0:00:47] Black mates.} 41. Ra2 {[%emt 0:00:43] [#]} Bxb3 $1 42. Rb2 {[%emt 0:01:28] [#]} (42. cxb3 Qxb3+) 42... Rd1 $3 {[%emt 0:00:14][%mdl 512] Weighted Error Value: White=0.93/Black=0.58.  Loses game:     	White=1     	---        Mistake:       	White=4     	Black=2      Inaccurate:     	White=1     	Black=1      OK:         	White=5     	Black=9      Best:        	White=1     	Black=3      Strong:       	---       	Black=1} 0-1

[Event "21st Open Gran Hotel Bali-A 2024"]
[Site "Benidorm"]
[Date "2024.11.30"]
[Round "2.7"]
[White "Mitusov, Semen"]
[Black "Hristodorescu, Daniel"]
[Result "1-0"]
[ECO "C54"]
[WhiteElo "2465"]
[BlackElo "2158"]
[Annotator "TA"]
[PlyCount "75"]
[EventDate "2024.11.26"]
[EventType "swiss"]
[EventCountry "ESP"]
[SourceTitle "playchess.com"]
[Source "ChessBase"]
[SourceQuality "1"]
[TimeControl "5400+30"]

1. e4 e5 2. Nf3 Nc6 3. Bc4 Bc5 4. c3 Nf6 5. d4 exd4 6. e5 d5 7. Bb5 Ne4 8. cxd4 Bb4+ 9. Bd2 Nxd2 10. Nbxd2 O-O 11. O-O Bg4 12. Bxc6 bxc6 13. Qa4 Rb8 14. Qxc6 Bxd2 15. Nxd2 {[%emt 0:00:05] White is slightly better.} Rxb2 16. Qc3 Rb6 17. Rfc1 Qg5 18. Nf1 f5 19. h3 (19. Qxc7 f4 20. Qc3 (20. Qxa7 $2 Bh3 $19) 20... h5 $11) (19. f3 {is more complex.} Bh3 20. Rc2 Rg6 21. Qc5) 19... Bh5 {[%emt 0:08:46] [#] Black is now going downhill.} (19... Be2 $11) 20. Qg3 $1 $36 {[%emt 0:01:54][%mdl 2048] White is on the roll.} (20. Qxc7 Rg6 21. g3 (21. Qxa7 $2 Qxg2#) 21... f4 $11) 20... Qe7 21. f4 h6 22. Rc5 c6 23. Rac1 Be8 24. Nd2 Rb2 25. Nb3 Qb7 (25... Qc7 $16 26. R5c2 Rxc2 27. Rxc2 Kh7) 26. R5c2 $18 Rxc2 27. Rxc2 Kh7 28. Qc3 g5 29. Rb2 Rg8 $2 (29... Qg7 {is a better defense.} 30. Nc5 Rf7) 30. Nc5 Qc8 31. fxg5 f4 (31... Rxg5 {might work better.} 32. Rb7+ Rg7) 32. Rb7+ Kh8 33. gxh6 Rg3 34. Qc2 Bg6 35. Qb2 Qf5 {[%emt 0:01:28] [#] White must now prevent ...f3.} 36. Rg7 {[%emt 0:03:30] White wants to mate with Qb8+.} Be8 37. Qb8 (37. Rxa7 $2 {loses.} f3 38. Re7 (38. Rg7 $2 fxg2 $19) 38... Rxg2+ $19) 37... Qh5 38. Ne6 {[%emt 0:00:33] Weighted Error Value: White=0.07 (flawless) /Black=0.62.  Mistake:       	---       	Black=4      Inaccurate:     	White=1     	Black=2      OK:         	White=13    	Black=7      Best:        	---       	Black=1      Strong:       	White=1     	---} ({Inferior is} 38. Qxa7 Qe2 39. Rh7+ Kg8 40. Rg7+ Kh8 41. Rh7+ Kg8 42. Rg7+ Kh8 $11) 1-0

[Event "21st Open Gran Hotel Bali-A 2024"]
[Site "Benidorm"]
[Date "2024.11.30"]
[Round "2.8"]
[White "Korneev Leskova, Svyatoslav"]
[Black "Movsziszian, Karen"]
[Result "1/2-1/2"]
[ECO "A21"]
[WhiteElo "2181"]
[BlackElo "2439"]
[Annotator "TA"]
[PlyCount "85"]
[EventDate "2024.11.26"]
[EventType "swiss"]
[EventCountry "ESP"]
[SourceTitle "playchess.com"]
[Source "ChessBase"]
[SourceQuality "1"]
[TimeControl "5400+30"]

1. c4 d6 2. Nc3 e5 3. g3 f5 4. Bg2 Nf6 5. d3 Be7 6. e4 c6 7. Nge2 O-O 8. O-O Qe8 9. f3 Na6 10. Be3 Kh8 11. Qd2 Nc7 12. exf5 Bxf5 13. d4 c5 14. d5 b5 15. b3 bxc4 16. bxc4 Qg6 17. Rac1 Rab8 18. g4 Bd3 19. g5 Nh5 20. Ne4 Bxe2 21. Qxe2 Nf4 (21... Na8 $11 {keeps the balance.}) 22. Bxf4 $16 exf4 {[%emt 0:02:06] [#]} 23. Nxc5 $1 Rfe8 (23... Qxg5 $2 24. Nd7 $18) (23... Bxg5 24. Ne4) 24. Ne4 $1 Bxg5 25. Rb1 Bf6 26. Qf2 Rxb1 27. Rxb1 Na6 $1 28. Qxa7 Nc5 $1 29. Rb8 Nxe4 30. Rxe8+ $1 (30. fxe4 $2 {perishes.} Bd4+ 31. Qxd4 Rxb8 $19) 30... Qxe8 31. fxe4 $11 {[%emt 0:00:09][%mdl 4096] Endgame KQB-KQB. White is a pawn up.} g6 32. Bf3 Qe5 33. Qf7 Bg7 $1 {[%emt 0:03:07] Inhibits Qf8+.} 34. Qe6 {[%emt 0:02:07] Active counter play!} Qxe6 35. dxe6 {[%emt 0:00:06] KB-KB. White is a pawn up.} Bd4+ 36. Kf1 {[%emt 0:05:20] Threatening mate with e7.} Kg7 37. Ke2 Kf6 38. Kd3 Bb6 39. e5+ dxe5 40. Bd5 f3 41. Bxf3 Kxe6 42. Ke4 Kd6 43. Bg4 1/2-1/2

[Event "21st Open Gran Hotel Bali-A 2024"]
[Site "Benidorm"]
[Date "2024.11.30"]
[Round "2.9"]
[White "Marin, Mihail"]
[Black "Yuste Valenzuela, Alejandro"]
[Result "1-0"]
[ECO "E60"]
[WhiteElo "2431"]
[BlackElo "2150"]
[Annotator "TA"]
[PlyCount "75"]
[EventDate "2024.11.26"]
[EventType "swiss"]
[EventCountry "ESP"]
[SourceTitle "playchess.com"]
[Source "ChessBase"]
[SourceQuality "1"]
[TimeControl "5400+30"]

1. d4 Nf6 2. Nf3 g6 3. g3 Bg7 4. Bg2 O-O 5. O-O d6 6. c4 Bf5 7. Nc3 Ne4 8. Nh4 Nxc3 9. bxc3 Bc8 10. Ba3 (10. f4 $14 {might be stronger.}) 10... Nc6 11. c5 d5 12. e4 Be6 13. Rb1 Na5 14. Qa4 Nc4 ({Black should try} 14... c6 $1 $11) 15. Bc1 (15. Rxb7 $14 dxe4 16. Bc1 (16. Rxa7 $2 g5 $19) (16. Bxe4 Nd2 $17)) 15... b6 $11 16. Bf4 {[%emt 0:07:10] Strongly threatening exd5.} Bf6 $2 (16... bxc5 $11 17. dxc5 c6 (17... Bxc3 $2 18. exd5 Bxd5 19. Rfc1 $18)) 17. exd5 $1 $18 Bxd5 {[%emt 0:00:47] [#]} 18. Bxc7 $1 Qxc7 19. Bxd5 Nd2 {[%emt 0:02:28] Strongly threatening ...Rad8.} 20. cxb6 Qd6 $2 (20... axb6 21. Bxa8 Nxf1) 21. Bxa8 Rxa8 22. b7 Rb8 23. Rfd1 Nxb1 24. Rxb1 Bxh4 25. gxh4 {[%emt 0:00:04][%mdl 4096] Endgame KQR-KQR. White is two pawns up.} Qf4 26. Qc6 h5 (26... Qg4+ $142 27. Qg2 Qf5) 27. Qc8+ Kg7 28. Re1 e6 29. h3 g5 30. hxg5 $2 (30. Re5 Rxc8 31. bxc8=Q Qxh4 32. Qd8) 30... Qxg5+ 31. Kf1 Qb5+ 32. Kg1 Qg5+ $1 {[%emt 0:01:53] [#]} 33. Kh1 (33. Kh2 $1 $18 Qf4+ 34. Kg2 Qg5+ 35. Kf3 (35. Kh2 Qf4+ 36. Kg2 Qg5+ 37. Kf3 Qf5+ 38. Kg3 Qg5+ 39. Kf3 Qf5+ 40. Ke3 Qxh3+ 41. Kd2 Qh2 $18) 35... Qd5+ 36. Ke3 Qxb7 37. Rg1+ Kh7 38. Qxb7 Rxb7 39. c4) 33... Qd5+ $14 34. Kh2 Qxb7 (34... Rxb7 $14 35. Rg1+ Kf6) 35. Qc5 $36 {[%emt 0:02:22][%mdl 2048] White threatens Rg1+ and mate. White has strong initiative. White is more active.} Qd5 36. Rg1+ ({Of course not} 36. Qxa7 $6 Rb2 37. Rg1+ Kf6 $15) 36... Kh7 $2 {[%emt 0:00:21][%mdl 8192] [#]} (36... Kf6 $16) 37. Qc7 $1 ({Worse is} 37. Qxa7 Qd6+ 38. Kh1 (38. Rg3 Qf4 $11) 38... Qf4 $11) 37... Rb7 38. Qg3 1-0

[Event "21st Open Gran Hotel Bali-A 2024"]
[Site "Benidorm"]
[Date "2024.11.30"]
[Round "2.10"]
[White "Rodriguez Lopez, Rafael"]
[Black "Elsness, Frode"]
[Result "1/2-1/2"]
[ECO "A33"]
[WhiteElo "2164"]
[BlackElo "2424"]
[Annotator "TA"]
[PlyCount "104"]
[EventDate "2024.11.26"]
[EventType "swiss"]
[EventCountry "ESP"]
[SourceTitle "playchess.com"]
[Source "ChessBase"]
[SourceQuality "1"]
[TimeControl "5400+30"]

1. c4 c5 2. Nf3 Nf6 3. Nc3 Nc6 4. d4 cxd4 5. Nxd4 e6 6. a3 d5 7. cxd5 exd5 8. Bg5 Bc5 9. e3 Be6 (9... O-O $11) 10. Bb5 $16 Rc8 11. O-O {[%emt 0:00:23][%cal Oe3e4] White is much more active. The black rooks are passive.} O-O 12. Nxc6 (12. Bxf6 {with more complications.} Qxf6 13. Nxe6 fxe6 14. Nxd5 Qxb2 15. Rb1) 12... bxc6 13. Ba6 $1 Rb8 14. b4 Be7 15. Rc1 Bc8 16. Bxc8 Rxc8 17. Qa4 Qb6 18. Rfd1 Rfd8 19. Ne2 h6 (19... c5 $1 $11 {remains equal.}) 20. Bxf6 Bxf6 21. Nd4 (21. Rc5 $1 $16) 21... c5 $11 22. bxc5 Rxc5 23. Rxc5 Qxc5 24. g3 Bxd4 25. Rxd4 {[%emt 0:02:58][%mdl 4096] Endgame KQR-KQR} Rb8 $1 {[%emt 0:02:01] Wards off Qb3} 26. Rd1 a5 27. Qf4 Re8 28. a4 f6 (28... Re4 $11 29. Qb8+ Kh7) 29. Rd4 (29. Rb1 $1 $14) 29... Re5 30. Kg2 Qc6 31. h4 Kf7 32. Qf3 Kg8 ({Black should play} 32... g6 $14) 33. Qd1 $16 Kf7 34. Qb3 f5 (34... Kf8 $16 {was worth a try.}) 35. f4 (35. Qb8 $18 {is more deadly.} Re4 36. Rxe4 fxe4 37. Qa7+ Kg6 38. Qxa5) 35... Re4 36. Qxd5+ Qxd5 37. Rxd5 {[%emt 0:00:05] KR-KR. White is a pawn up.} Kf6 $2 (37... Kg6 $16) 38. Rxa5 $18 Rxe3 39. Ra6+ Kf7 40. h5 Ra3 41. a5 Ra2+ 42. Kh3 Kg8 43. Ra8+ Kf7 44. a6 $2 (44. Ra7+ $1 $18 {is the precise move to win.} Kf6 45. a6) 44... Ke7 45. Ra7+ Kf6 46. g4 $1 Ra3+ 47. Kh4 {[%emt 0:00:52] Black must now prevent g5+.} fxg4 48. Kxg4 Ra5 49. Ra8 Kf7 (49... Ke7 $14) 50. f5 Kf6 {[%emt 0:00:32] [#]} 51. a7 $1 Kf7 {[%emt 0:00:04] [#] Wards off Rf8+} 52. f6 Ra1 1/2-1/2

[Event "21st Open Gran Hotel Bali-A 2024"]
[Site "Benidorm"]
[Date "2024.11.30"]
[Round "2.11"]
[White "Cruz Lledo, Pablo"]
[Black "Chiszko, Oskar"]
[Result "1-0"]
[ECO "A48"]
[WhiteElo "2411"]
[BlackElo "2140"]
[Annotator "TA"]
[PlyCount "73"]
[EventDate "2024.11.26"]
[EventType "swiss"]
[EventCountry "ESP"]
[SourceTitle "playchess.com"]
[Source "ChessBase"]
[SourceQuality "1"]
[TimeControl "5400+30"]

1. d4 g6 2. Bf4 Bg7 3. e3 Nf6 4. Be2 d6 5. h3 Nbd7 6. Nf3 O-O 7. O-O b6 8. a4 Bb7 9. a5 a6 10. axb6 c5 11. Na3 cxd4 12. exd4 Qxb6 13. Nc4 Qc7 14. Na5 Be4 15. c4 {[%emt 0:02:18][%cal Oc4c5] Wards off Nd5} Qb6 (15... Rab8 $1 $11 {remains equal.}) 16. b3 h6 (16... Rae8 $142) 17. Qd2 g5 18. Be3 d5 (18... Qc7 $142) 19. h4 (19. c5 $142 Qc7 20. Rfc1) 19... Ng4 $16 20. hxg5 Nxe3 21. Qxe3 Qg6 22. Rad1 f5 (22... Rfe8 $1 $14) 23. Nh4 (23. gxf6 $18 Nxf6 24. Nc6) 23... Qb6 (23... Qxg5 $14 24. Qxg5 hxg5) 24. f3 f4 (24... Bc2 $16) 25. Qc3 e5 $2 {[%emt 0:03:32][%mdl 8192] [#]} (25... Bh7 $16) 26. c5 $1 $18 ({Less strong is} 26. fxe4 exd4 27. c5 Nxc5 $14) 26... Qc7 27. fxe4 exd4 28. Qh3 Ne5 29. gxh6 Bf6 30. Rxf4 Kh8 31. b4 Bg5 32. Rf5 Rxf5 33. Nxf5 dxe4 34. Rxd4 Rd8 35. Rxd8+ Qxd8 36. Nd6 Qf6 37. Nxe4 1-0